 Dungeon Crawl Stone Soup version 0.30-b1-2-g02819fbbbe (webtiles) character file.

Game seed: 15320550095861594416

262 Angani the Sneak (level 6, -1/43 HPs)
             Began as a Formicid Ice Elementalist on May 11, 2023.
             Was a Believer of Cheibriados.
             Slain by Pikel
             ... wielding a +2 whip of electrocution
              (16 damage)
             ... on level 4 of the Dungeon.
             The game lasted 00:04:32 (2732 turns).

Angani the Sneak (Formicid Ice Elementalist)        Turns: 2732, Time: 00:04:32

Health: -1/43      AC: 11    Str: 16    XL:     6   Next: 42%
Magic:  9/9        EV: 10    Int: 21    God:    Cheibriados [**....]
Gold:   257        SH:  5    Dex: 18    Spells: 8/9 levels left

rFire   . . .        n - +1 whip (drain)
rCold   . . .        (no shield)
rNeg    . . .        q - +0 scale mail
rPois   .            (helmet unavailable)
rElec   .            (no cloak)
rCorr   .            o - +0 pair of gloves
SInv    +            (no boots)
Will    .....        a - amulet of reflection
Stlth   ++           f - +4 ring of protection
HPRegen 0.27/turn    (no ring)
MPRegen 0.11/turn

%: reflection
@: very slow
A: permanent stasis, dig shafts and tunnels, antennae 3, four strong arms
a: Dig, Shaft Self, Renounce Religion, Bend Time


You were on level 4 of the Dungeon.
You worshipped Cheibriados.
Cheibriados was pleased with you.
You visited 1 branch of the dungeon, and saw 4 of its levels.

You collected 257 gold pieces.

Inventory:

Hand Weapons
 n - a +1 whip of draining (weapon)
Armour
 o - a +0 pair of gloves (worn)
 q - a +0 scale mail (worn)
Jewellery
 a - an amulet of reflection (around neck)
 f - a +4 ring of protection (left hand)
Wands
 h - a wand of polymorph (7)
Scrolls
 c - a scroll of fog
 d - 3 scrolls of teleportation
 e - a scroll of enchant weapon
 i - a scroll of amnesia
Potions
 b - a potion of magic


   Skills:
 + Level 1.0 Fighting
 + Level 1.0 Armour
 - Level 1.7 Dodging
 - Level 6.0 Stealth
 - Level 2.1 Spellcasting
 - Level 4.0 Ice Magic
 + Level 4.4 Invocations


You had 8 spell levels left.
You knew the following spells:

 Your Spells              Type           Power      Damage    Failure   Level
a - Freeze                Ice            76%        1d8       11%         1

Your spell library contained the following spells:

 Spells                   Type           Power      Damage    Failure   Level
 Frozen Ramparts          Ice            38%        1d6       30%         3
 Ozocubu's Armour         Ice            19%        N/A       30%         3
 Sandblast                Erth           4%         2d4       47%         1
 Passwall                 Tmut/Erth      1%         N/A       63%         2
 Stone Arrow              Conj/Erth      4%         3d7       85%         3
 Summon Ice Beast         Ice/Summ       10%        N/A       93%         4
 Summon Mana Viper        Hex/Summ       2%         N/A       100%        5
 Monstrous Menagerie      Summ           1%         N/A       100%        7


Dungeon Overview and Level Annotations

Branches:
Dungeon (4/15)
 Temple: D:4-7

Altars:
Cheibriados
Qazlal

Annotations:
D:4 Pikel


Innate Abilities, Weirdness & Mutations

You cannot be hasted, slowed, berserked, paralysed or teleported.
You can dig through walls and to a lower floor.
You have a pair of large antennae on your head. (SInv)
Your four strong arms can wield two-handed weapons with a shield.


Message History

A phantom comes into view.
You closely miss Pikel.
Pikel is lightly wounded.
Pikel hits you with a +2 whip of electrocution.
You barely miss Pikel.
Pikel is lightly wounded.
Pikel hits you but does no damage.
A ball python comes into view.
The ball python hisses angrily.
You hit Pikel. You drain Pikel.
Pikel is moderately wounded.
You block Pikel's attack.
You barely miss Pikel.
Pikel is moderately wounded.
Pikel hits you but does no damage.
You are electrocuted!!
You feel better.
Pikel hits you with a +2 whip of electrocution.
Okay, then.
Unknown command.
The orc shouts!
You hit Pikel. You drain Pikel.
Pikel is heavily wounded.
Pikel hits you but does no damage.
You hit Pikel but do no damage.
Pikel is heavily wounded.
You block Pikel's attack.
Pikel hits you with a +2 whip of electrocution.
You hit Pikel. You drain Pikel.
Pikel is severely wounded.
You block Pikel's attack.
You barely miss Pikel.
Pikel is severely wounded.
You block Pikel's attack.
You hit Pikel. You drain Pikel.
Pikel is severely wounded.
Pikel hits you but does no damage.
You hit Pikel but do no damage. You drain Pikel.
Pikel is almost dead.
Pikel hits you but does no damage.
You are electrocuted!
You die...

#...... ...# #...# .....#
##.###...### #....#
######.bb.b.bb..# ##..?.#
#.....b.{.b.bb..).
.....###.####b.{b.b..b.## #
#.... #bb..bb.bb..## #. #..#
#)#...b.bb<.#
..###.##.5######.#...##b##.#
........W5g5K@......###.# .#
........S5########### .# #
........{## #.....##.#
..###. #.# #{ #{ #.# { #.# {
#.# .#


You could see Pikel (very drained), 4 lemures, a phantom, a hobgoblin and a ball
python.

Vanquished Creatures
  Pargi (D:3)
  Jessica (D:3)
  8 adders
  A worm (D:2)
  2 dart slugs
  7 orcs
  4 ball pythons
  8 endoplasms
  2 giant cockroaches
  5 goblins
  4 hobgoblins
  2 jackals (D:1)
  A quokka (D:4)
  3 frilled lizards (D:2)
  6 kobolds
  5 rats
60 creatures vanquished.

Vanquished Creatures (others)
  A fungus (D:3)
  4 toadstools (D:3)
5 creatures vanquished.

Grand Total: 65 creatures vanquished

Notes
Turn   | Place    | Note
-------+----------+-------------------------------------------
     0 | D:1      | Angani the Formicid Ice Elementalist began the quest for
                  | the Orb.
     0 | D:1      | Reached XP level 1. HP: 13/13 MP: 3/3
    99 | D:1      | Reached skill level 3 in Stealth
   143 | D:1      | Reached XP level 2. HP: 19/19 MP: 1/5
   382 | D:1      | Reached skill level 4 in Stealth
   510 | D:1      | Reached XP level 3. HP: 13/24 MP: 6/6
   964 | D:2      | Reached skill level 5 in Stealth
  1020 | D:2      | Reached XP level 4. HP: 30/30 MP: 4/7
  1377 | D:2      | Found a faded altar of an unknown god.
  1414 | D:2      | Prayed at the altar of an unknown god.
  1414 | D:2      | Became a worshipper of Cheibriados the Contemplative
  1414 | D:2      | Reached * piety under Cheibriados
  1808 | D:3      | Reached skill level 1 in Invocations
  2093 | D:3      | Reached XP level 5. HP: 27/35 MP: 8/8
  2095 | D:3      | Reached skill level 6 in Stealth
  2133 | D:3      | Found a stormy altar of Qazlal.
  2295 | D:3      | Noticed Pargi
  2316 | D:3      | Killed Pargi
  2317 | D:3      | Reached XP level 6. HP: 36/41 MP: 9/9
  2392 | D:3      | Noticed Jessica
  2412 | D:3      | Killed Jessica
  2412 | D:3      | Reached ** piety under Cheibriados
  2695 | D:4      | Reached skill level 1 in Fighting
  2695 | D:4      | Reached skill level 1 in Armour
  2711 | D:4      | Noticed Pikel
  2732 | D:4      | Slain by Pikel

Illustrated notes

Levels and vault maps discovered:
D:1:      dpeg_arrival_round_c, layout_loops_ring
D:2:      layout_basic, basic_ecumenical_altar, wad_floor_pattern_1
D:3:      layout_loops_cross, nicolae_qazlal_general_emergency,
          minmay_gold_behind_fungi, uniq_jessica, uniq_pargi
D:4:      layout_loops_ring, cheibrodos_sewer_entry_drain, chequers_arboretum,
          minivault_26, uniq_pikel

Skill      XL: |  1  2  3  4  5  6 |
---------------+-------------------+-----
Stealth        | 3 4 5 6 |  6.0
Invocations    | 1 4 |  4.4
Fighting       | 1 |  1.0
Armour         | 1 |  1.0
Dodging        | |  1.7
Spellcasting   | |  2.1
Ice Magic      | |  4.0

Action                     |  1- 3 |  4- 6 || total
---------------------------+-------+-------++-------
  Melee: Whip              |     5 |   126 ||   131
         Spear             |    56 |     9 ||    65
         Punch             |     1 |       ||     1
   Cast: Freeze            |     9 |     2 ||    11
    Use: Potion            |       |     5 ||     5
         Scroll            |       |     7 ||     7
   Stab: Sleeping          |     5 |     8 ||    13
 Armour: Robe              |    15 |       ||    15
         Ring mail         |     2 |    10 ||    12
         Scale mail        |       |    73 ||    73
  Dodge: Dodged            |    28 |    75 ||   103
  Block: Other             |       |    42 ||    42
